 Dungeon Crawl Stone Soup version 0.22-a0-480-g991dd4b (webtiles) character file.

610 jjm319 the Cudgeler (level 7, 61/61 HPs)
             Began as a Minotaur Fighter on Nov 12, 2017.
             Got out of the dungeon alive.
             The game lasted 01:29:18 (3811 turns).

jjm319 the Cudgeler (Minotaur Fighter)              Turns: 3811, Time: 01:29:19

Health: 61/61      AC: 11    Str: 23    XL:     7   Next: 20%
Magic:  6/6        EV:  6    Int:  5    God:
Gold:   186        SH: 10    Dex:  9    Spells: 6/6 levels left

rFire    . . .     SeeInvis .   a - +0 flail
rCold    . . .     Gourm    .   c - +0 shield
rNeg     . . .     Faith    .   g - +0 chain mail
rPois    +         Spirit   .   (helmet restricted)
rElec    .         Reflect  .   (no cloak)
rCorr    .         Harm     .   (no gloves)
MR       .....                  u - +0 pair of boots
Stlth    ..........             (no amulet)
HPRegen  0.20/turn              (no ring)
MPRegen  0.10/turn              z - ring of poison resistance

@: no status effects
A: retaliatory headbutt, horns 2
a: no special abilities


You escaped.
You were not hungry.

You visited 2 branches of the dungeon, and saw 5 of its levels.

You collected 186 gold pieces.

Inventory:

Hand Weapons
 a - a +0 flail (weapon)
 b - a +2 hunting sling of velocity
 l - the +10 trident of the Head {pain, *Corrode rC+ SInv}
   (You found it on level 4 of the Dungeon)

   In the hands of one skilled in necromantic magic, it inflicts extra damage on
   living creatures.
   It protects you from cold.
   It lets you see invisible.
   It may corrode you when you take damage.
Missiles
 e - 161 stones (quivered)
 h - 41 sling bullets
Armour
 c - a +0 shield (worn)
 g - a +0 chain mail (worn)
 n - a +0 scale mail
 u - a +0 pair of boots (worn)
Jewellery
 z - a ring of poison resistance (right hand)
Scrolls
 i - a scroll of amnesia {unknown}
 j - 3 scrolls of identify
 k - 5 scrolls of remove curse
 m - 2 scrolls of enchant weapon {unknown}
 o - a scroll of magic mapping {unknown}
 p - 2 scrolls of enchant armour {unknown}
 q - a scroll of random uselessness {unknown}
 s - a scroll of fog {unknown}
 t - 2 scrolls of teleportation {unknown}
 x - a scroll of fear {unknown}
 y - a scroll of immolation {unknown}
Potions
 d - 2 potions of might
Comestibles
 f - 4 rations
 r - 2 rations
 A - a ration


   Skills:
 + Level 5.5 Fighting
 + Level 5.9 Maces & Flails
 - Level 0.4 Throwing
 + Level 5.6 Armour
 + Level 5.8 Shields


You had 6 spell levels left.
You didn't know any spells.
Your spell library was empty.

Dungeon Overview and Level Annotations

Branches:
Dungeon (4/15)             Temple (1/1) D:4

Altars:
Ashenzari
Elyvilon
Gozag
Hepliaklqana
Kikubaaqudgha
Makhleb
Nemelex Xobeh
Okawaru
Qazlal
Ru
Sif Muna
Trog
Vehumet
Xom
Yredelemnul
Zin
The Shining One


Innate Abilities, Weirdness & Mutations

You reflexively headbutt those who attack you in melee.
You have a pair of horns on your head.


Message History

There is a stone staircase leading up here.
You climb upwards.
There is a stone staircase leading down here.
Things that are here:
a robe; a dagger x2
You see here a club.
There is a stone staircase leading up here.
You climb upwards.
There is a stone staircase leading down here.
There is a stone staircase leading up here.
You climb upwards.
There is a stone staircase leading down here.
Done exploring.
There is a stone staircase leading down here.
There is a staircase leading out of the dungeon here.
You can't go down here!
Are you sure you want to leave the Dungeon?
This will make you lose the game!
Uppercase [Y]es or [N]o only, please.
Are you sure you want to leave the Dungeon?
This will make you lose the game!
You have escaped!

....#.......................####.
....#.#..###.#..#.##.###..#.##...
....#.##.#..###.#.##...#.##.##.##
....#..#........#........#..##.##
#.####...######.#.######...###.##
#.# ##...## #...# ##...##.....
#.# ##...## ##### ##...##...###
#.# ##...###...###...##.......
#.# ##...#..@..#...##......## #.#
##...........##.#.....# #.#
#####...#....##....#...## #.#
#...##########...#####... #.##
###......##........# ####
#..####....###.##........#
##.)[.....##.............#
####....###.....>.......#
##....##...........[.#


There were no monsters in sight!

Vanquished Creatures
  The ghost of felt the Charmwright, an amateur GnSk of Okawaru (D:4)
  A phantom (D:4)
  2 orc priests (D:3)
  A hound (D:4)
  A centaur skeleton (D:4)
  An orc wizard (D:3)
  Jessica (D:2)
  Natasha (thrice) (D:2)
  2 adders (D:3)
  An ooze (D:1)
  An adder skeleton (D:4)
  4 dart slugs
  2 leopard geckos
  3 orcs (D:3)
  2 ball pythons (D:3)
  A giant cockroach (D:2)
  4 goblins
  9 hobgoblins
  3 jackals (D:1)
  6 kobolds
  4 quokkas
  10 bats
  4 frilled lizards
  4 rats
71 creatures vanquished.

Notes
Turn   | Place    | Note
-------+----------+-------------------------------------------
     0 | D:1      | jjm319 the Minotaur Fighter began the quest for the Orb.
     0 | D:1      | Reached XP level 1. HP: 19/19 MP: 0/0
   108 | D:1      | Reached XP level 2. HP: 25/27 MP: 1/1
   450 | D:1      | Reached XP level 3. HP: 33/33 MP: 2/2
   674 | D:2      | Noticed Jessica
   687 | D:2      | Killed Jessica
   818 | D:2      | Reached XP level 4. HP: 40/40 MP: 3/3
   892 | D:2      | Found a glowing silver altar of Zin.
   935 | D:2      | Noticed Natasha
   940 | D:2      | Killed Natasha
  1413 | D:2      | Noticed Natasha
  1522 | D:2      | Killed Natasha
  1526 | D:2      | Noticed Natasha
  1690 | D:2      | Killed Natasha
  1690 | D:2      | Reached XP level 5. HP: 40/47 MP: 4/4
  1940 | D:4      | Noticed felt's ghost (amateur GnSk)
  2324 | D:4      | Noticed a phantom
  2343 | D:4      | Found a staircase to the Ecumenical Temple.
  2349 | D:4      | Killed a phantom
  2349 | D:4      | Reached skill level 5 in Shields
  2349 | D:4      | Reached XP level 6. HP: 22/55 MP: 5/5
  2356 | D:4      | Reached skill level 5 in Armour
  2543 | D:3      | HP: 4/82 [poisoned by an orc]
  2550 | D:3      | Reached skill level 5 in Maces & Flails
  2943 | D:3      | Reached skill level 5 in Fighting
  3358 | D:4      | Killed felt's ghost
  3358 | D:4      | Reached XP level 7. HP: 13/61 MP: 6/6
  3397 | D:4      | Got a translucent trident
  3398 | D:4      | Identified the +10 trident of the Head {pain, *Corrode rC+ SInv} (You found it on level 4 of the Dungeon)
  3411 | D:4      | Upgraded the game from 0.22-a0-469-gf26638a to 0.22-a0-480-g991dd4b
  3430 | Temple   | Entered the Ecumenical Temple
  3811 | D:$      | Got out of the dungeon alive.

Vault maps used:
D:1:      dpeg_chamrin_arrival_tetris
D:2:      lemuel_coloured_pillars_altar, first_bread, uniq_natasha, uniq_jessica
D:4:      minmay_temple_entry_overgrown
Temple:   compressed_dpeg_circular_temple

Skill      XL: |  1  2  3  4  5  6 |
---------------+-------------------+-----
Fighting       | 4 5 |  5.5
Shields        | 4 5 |  5.8
Maces & Flails | 3 4 5 |  5.9
Armour         | 4 5 |  5.6
Throwing       | |  0.4

Action                   |  1- 3 |  4- 6 |  7- 9 || total
-------------------------+-------+-------+-------++-------
Melee: Flail             |    68 |   178 |       ||   246
       Headbutt          |    10 |    20 |       ||    30
       Hunting sling     |       |     1 |       ||     1
 Fire: Hunting sling     |     5 |    50 |       ||    55
Throw: Stone             |    22 |     3 |       ||    25
  Use: Scroll            |     3 |     2 |       ||     5
       Potion            |       |     6 |       ||     6
  Eat: Chunk             |       |     5 |       ||     5
       Buggy ration      |       |     1 |       ||     1
Armor: Scale mail        |    29 |    57 |       ||    86
       Skin              |       |    28 |       ||    28
       Chain mail        |       |    12 |       ||    12
Dodge: Dodged            |    11 |    35 |       ||    46
Block: Shield            |    31 |   107 |       ||   138

Table legend:
 A = Spawn XP
 B = Non-spawn XP
 C = Spawn XP percentage of total XP
 D = Spawn monster count
 E = Non-spawn monster count
 F = Spawn count percentage of total count
 G = Total turns spent on level
                    A         B        C        D         E        F      G
               +---------+---------+-------+---------+---------+-------+---------
         Total |       0 |     872 |   0.0 |       0 |      71 |   0.0 |  3811
               +---------+---------+-------+---------+---------+-------+---------
           D:1 |       0 |      49 |   0.0 |       0 |      24 |   0.0 |   709
           D:2 |       0 |     166 |   0.0 |       0 |      15 |   0.0 |   982
           D:3 |       0 |     148 |   0.0 |       0 |      23 |   0.0 |  1268
           D:4 |       0 |     509 |   0.0 |       0 |       9 |   0.0 |   585
               +---------+---------+-------+---------+---------+-------+---------
